 Dungeon Crawl Stone Soup version 0.27-a0-998-g4cfe56dd59 (webtiles) character file.

Game seed: 14580342435768849584

3361 T2blue the Basher (level 9, -3/78 HPs)
             Began as a Minotaur Berserker on Apr 16, 2021.
             Was an Elder of Trog.
             Slain by an eight-headed hydra (5 damage)
             ... on level 7 of the Dungeon.
             The game lasted 01:31:53 (8512 turns).

T2blue the Basher (Minotaur Berserker)              Turns: 8512, Time: 01:31:53

Health: -3/78      AC: 13    Str: 23    XL:     9   Next: 73%
Magic:  8/8        EV:  4    Int:  4    God:    Trog [****..]
Gold:   358        SH: 19    Dex: 10    Spells: 8/8 levels left

rFire    + . .     SeeInvis .   a - +1 whip (flame)
rCold    + . .     Faith    .   y - +2 tower shield
rNeg     + . .     Spirit   .   t - +0 plate armour
rPois    .         Reflect  .   (helmet restricted)
rElec    .         Harm     .   (no cloak)
rCorr    .         Rampage  .   (no gloves)
Will     ++...                  (no boots)
Stlth    ..........             (no amulet)
HPRegen  1.23/turn              u - ring of protection from fire
MPRegen  0.11/turn              m - ring of positive energy

@: on berserk cooldown, regenerating, slowed, very slow
A: horns 2, retaliatory headbutt, clumsy 1, cold resistance 1, screaming 1, wild
magic 1
a: Renounce Religion, Berserk, Trog's Hand, Brothers in Arms


You were on level 7 of the Dungeon.
You worshipped Trog.
Trog was greatly pleased with you.
You visited 1 branch of the dungeon, and saw 7 of its levels.

You collected 358 gold pieces.

Inventory:

Hand Weapons
 a - a +1 whip of flaming (weapon)
 b - a +1 dire flail of protection
 e - a +0 hand axe
 h - a +0 dagger
 q - a +0 whip
 D - a +0 club
 M - a +0 mace
 N - a +2 flail of protection
Missiles
 i - 42 sling bullets
 A - 26 poisoned darts (quivered)
 G - 86 arrows
 O - 3 javelins
 Q - 4 throwing nets
Armour
 d - a +0 animal skin
 g - a +0 leather armour
 o - a +0 leather armour
 t - a +0 plate armour (worn)
 w - a +0 ring mail
 x - a +0 scale mail
 y - a +2 tower shield (worn)
Magical Staves
 L - a staff of conjuration
Jewellery
 m - a ring of positive energy (right hand)
 u - a ring of protection from fire (left hand)
Wands
 z - a wand of flame (26)
 C - a wand of iceblast (8)
 F - a wand of digging (3)
 R - a wand of mindburst (11)
 T - a wand of acid (7)
Scrolls
 f - 2 scrolls of identify
 j - a scroll of immolation
 k - a scroll of brand weapon {unknown}
 p - a scroll of fear {unknown}
 r - 2 scrolls of teleportation
 E - a scroll of enchant weapon {unknown}
 H - 3 scrolls of blinking
 I - 2 scrolls of torment
 P - a scroll of fog {unknown}
 S - a scroll of summoning {unknown}
Potions
 c - 3 potions of degeneration {unknown}
 l - a potion of resistance {unknown}
 n - a potion of berserk rage {unknown}
 s - 4 potions of haste
 v - a potion of flight {unknown}
 B - 3 potions of curing
 J - 2 potions of attraction {unknown}
 K - 2 potions of cancellation {unknown}


   Skills:
 + Level 6.7 Fighting
 + Level 9.1 Maces & Flails
 + Level 2.7 Throwing
 + Level 7.1 Armour
 + Level 3.3 Dodging
 + Level 0.7 Stealth
 + Level 8.7 Shields
 + Level 4.0 Unarmed Combat
 + Level 1.2 Evocations


You had 8 spell levels left.
You didn't know any spells.
Your spell library contained the following spells:

 Spells                   Type           Power      Damage    Failure   Level
 Animate Skeleton         Necr           0%         N/A       100%        1
 Pain                     Necr           0%         1d4       100%        1
 Summon Small Mammal      Summ           0%         N/A       100%        1
 Call Imp                 Summ           0%         N/A       100%        2
 Call Canine Familiar     Summ           0%         N/A       100%        3
 Summon Guardian Golem    Hex/Summ       0%         N/A       100%        3
 Vampiric Draining        Necr           0%         2d6       100%        3
 Animate Dead             Necr           0%         N/A       100%        4
 Summon Ice Beast         Ice/Summ       0%         N/A       100%        4
 Summon Lightning Spire   Summ/Air       0%         N/A       100%        4
 Agony                    Necr           0%         N/A       100%        5


Dungeon Overview and Level Annotations

Branches:
Dungeon (7/15)             Temple (0/1) D:7

Altars:

Shops:
D:6 =


Innate Abilities, Weirdness & Mutations

You have a pair of horns on your head.
You reflexively headbutt those who attack you in melee.
You are clumsy. (Dex -2)
Your flesh is cold resistant. (rC+)
You occasionally shout uncontrollably at your foes.
Your spells are a little harder to cast, but a little more powerful.


Message History

Flame seeps out of the eight-headed hydra.
You block the eight-headed hydra's attack.
The eight-headed hydra bites you but does no damage. x4
The eight-headed hydra bites you!
* * * LOW HITPOINT WARNING * * *
You block the eight-headed hydra's attack.
The eight-headed hydra bites you but does no damage.
The eight-headed hydra is engulfed in blazing flames.
Flame seeps out of the eight-headed hydra.
The eight-headed hydra bites you but does no damage.
You block the eight-headed hydra's attack.
The eight-headed hydra barely misses you.
The eight-headed hydra bites you!
* * * LOW HITPOINT WARNING * * *
The eight-headed hydra bites you.
* * * LOW HITPOINT WARNING * * *
The eight-headed hydra bites you but does no damage. x3
Unknown command.
Blink to where?
Press: ? - help, Dir - move target, f - water moccasin
Aim: a water moccasin (heavily wounded, inner flame)
Okay, then.
Unknown command.
Throw: 27 darts (poison)
Press: ? - help, Q - select action, (/) - cycle Shift-Dir - straight line, f - cyclops
Aim: a cyclops, quivering large rocks (inner flame, 86% to hit)
You throw a poisoned dart.
The poisoned dart hits the eight-headed hydra.
The eight-headed hydra is poisoned.
The eight-headed hydra is heavily wounded.
Flame seeps out of the eight-headed hydra.
The eight-headed hydra is engulfed in blazing flames.
Flame seeps out of the eight-headed hydra.
You block the eight-headed hydra's attack. x3
The eight-headed hydra bites you.
* * * LOW HITPOINT WARNING * * *
You block the eight-headed hydra's attack.
The eight-headed hydra barely misses you.
The eight-headed hydra bites you.
You die...

....)..##..# #..........#
...........## #.# ##..........#
............# ... #...........#
............## #.# ##...........#
†............# .(. #............#
.............###c###............#
..............#oCS#.............#
.......###'##.##D##.######.......
.......#...#...#@#.......+.......
.......+...#...#'#.......#.......
.......#...+....#........#.).....
.......######...#.#+##...#.......
##+##.....##........############
#.....#...(.....#
#.....'...#.....#
#.....#...#.....#
#....†##+##.....######


You could see an eight-headed hydra (inner flame, poisoned), a cyclops (inner
flame), a water moccasin (inner flame), a centaur (inner flame) and an orc
(inner flame).

Vanquished Creatures
  Harold (D:7)
  Pikel (D:4)
  Menkaure (D:5)
  Edmund (D:4)
  2 water moccasins
  An orc warrior (D:7)
  A necrophage (D:6)
  A black bear (D:7)
  A centaur (D:7)
  A phantom (D:6)
  2 kobold brigands (D:7)
  3 bullfrogs
  A gnoll sergeant (D:6)
  3 scorpions
  A howler monkey (D:6)
  A bullfrog zombie (D:6)
  A centaur zombie (D:7)
  4 hounds
  An orc priest (D:7)
  A jelly (D:7)
  3 centaur skeletons
  A bullfrog skeleton (D:4)
  Ijyb (D:5)
  3 iguanas (D:5)
  A killer bee zombie (D:7)
  A hound skeleton (D:4)
  8 adders
  4 gnolls (D:6)
  A howler monkey skeleton (D:6)
  2 shadow imps (D:6)
  2 white imps (D:7)
  2 worms
  A dart slug (D:4)
  8 orcs
  4 ball pythons
  7 bats
  6 endoplasms
  5 giant cockroaches
  11 hobgoblins
  8 jackals (D:3)
  14 kobolds
  4 quokkas
  3 frilled lizards
  20 goblins
  4 rats
153 creatures vanquished.

Vanquished Creatures (others)
  A hobgoblin (D:2)
  6 fungi (D:6)
  A plant (D:5)
8 creatures vanquished.

Grand Total: 161 creatures vanquished

Notes
Turn   | Place    | Note
-------+----------+-------------------------------------------
     0 | D:1      | T2blue the Minotaur Berserker began the quest for the Orb.
     0 | D:1      | Reached XP level 1. HP: 19/19 MP: 0/0
   337 | D:1      | Reached XP level 2. HP: 25/27 MP: 1/1
   391 | D:1      | Found a faded altar of an unknown god.
   743 | D:1      | Reached skill level 1 in Maces & Flails
  1055 | D:1      | Reached ** piety under Trog
  1100 | D:1      | Reached XP level 3. HP: 33/33 MP: 2/2
  2230 | D:2      | Reached skill level 2 in Maces & Flails
  2900 | D:3      | Reached XP level 4. HP: 17/41 MP: 3/3
  3622 | D:3      | Reached skill level 1 in Shields
  3873 | D:4      | Reached skill level 3 in Maces & Flails
  3873 | D:4      | Reached XP level 5. HP: 47/47 MP: 4/4
  4216 | D:4      | Noticed Edmund
  4234 | D:4      | Killed Edmund
  4235 | D:4      | Reached XP level 6. HP: 53/53 MP: 5/5
  4397 | D:4      | Noticed Pikel
  4420 | D:4      | Killed Pikel
  4421 | D:4      | Reached skill level 5 in Fighting
  4421 | D:4      | Reached skill level 4 in Maces & Flails
  4421 | D:4      | Reached skill level 5 in Shields
  4421 | D:4      | Reached XP level 7. HP: 61/61 MP: 6/6
  4593 | D:4      | Reached skill level 5 in Maces & Flails
  4784 | D:4      | Reached *** piety under Trog
  4914 | D:4      | Gained mutation: You expend magic power (3 MP) to
                  | strengthen your wands. [potion of mutation]
  4914 | D:4      | Gained mutation: You are robust. (+10% HP) [potion of
                  | mutation]
  4914 | D:4      | Gained mutation: You are agile. (Dex +2) [potion of
                  | mutation]
  4915 | D:4      | Lost mutation: You expend magic power (3 MP) to strengthen
                  | your wands. [potion of mutation]
  4915 | D:4      | Lost mutation: You are agile. (Dex +2) [potion of mutation]
  4915 | D:4      | Lost mutation: You are robust. (+10% HP) [potion of
                  | mutation]
  4915 | D:4      | Gained mutation: You are frail. (-10% HP) [potion of
                  | mutation]
  4915 | D:4      | Gained mutation: Your mind is acute. (Int +2) [potion of
                  | mutation]
  4916 | D:4      | Lost mutation: You are frail. (-10% HP) [potion of
                  | mutation]
  4916 | D:4      | Lost mutation: Your mind is acute. (Int +2) [potion of
                  | mutation]
  4916 | D:4      | Gained mutation: You occasionally shout uncontrollably at
                  | your foes. [potion of mutation]
  4916 | D:4      | Gained mutation: You are clumsy. (Dex -2) [potion of
                  | mutation]
  4916 | D:4      | Gained mutation: Your spells are a little harder to cast,
                  | but a little more powerful. [potion of mutation]
  4916 | D:4      | Gained mutation: Your flesh is cold resistant. (rC+)
                  | [potion of mutation]
  5222 | D:5      | Entered Level 5 of the Dungeon
  5245 | D:5      | Identified the +0 robe "Hautsaely" {rElec rPois Slay-6
                  | SInv}
  5304 | D:5      | You fall into a shaft and drop 2 floors!
  5388 | D:5      | Noticed Menkaure
  5402 | D:5      | Killed Menkaure
  5403 | D:5      | Reached skill level 5 in Armour
  5403 | D:5      | Reached XP level 8. HP: 30/69 MP: 7/7
  5916 | D:5      | Noticed Ijyb
  5924 | D:5      | Killed Ijyb
  5984 | D:5      | Reached skill level 6 in Maces & Flails
  6919 | D:6      | Reached skill level 7 in Maces & Flails
  6940 | D:6      | Found Wuuhevow's Jewellery Emporium.
  7581 | D:7      | Reached skill level 1 in Throwing
  7602 | D:7      | Reached XP level 9. HP: 71/75 MP: 8/8
  7634 | D:7      | Noticed Harold
  7645 | D:7      | Killed Harold
  7646 | D:7      | Reached skill level 8 in Maces & Flails
  7646 | D:7      | Reached skill level 1 in Evocations
  8219 | D:7      | Found a staircase to the Ecumenical Temple.
  8257 | D:7      | Reached **** piety under Trog
  8485 | D:7      | Noticed a cyclops
  8497 | D:7      | Reached skill level 9 in Maces & Flails
  8498 | D:7      | Noticed an eight-headed hydra
  8511 | D:7      | HP: 2/78 [eight-headed hydra (3)]
  8512 | D:7      | Slain by an eight-headed hydra

Illustrated notes

Levels and vault maps discovered:
D:1:      psy_arrival_spokes, layout_loops_ring,
          ebering_ecumenical_altar_sacrificial
D:2:      layout_loops_ring, lemuel_flame_loot_1
D:3:      layout_rooms, dk_noncrumbling_4
D:4:      cheibrodos_greedy_goblins, layout_loops_corners,
          serial_bayou_lagoon_a, uniq_pikel, uniq_edmund
D:5:      corexii_shack_village, layout_basic, uniq_menkaure, uniq_ijyb
D:6:      layout_loops_ring, serial_shops, shop, serial_aquarium,
          aquarium_bridge_square [aquarium_subvault_window,
          aquarium_subvault_balcony, aquarium_subvault_window,
          aquarium_subvault_bridge], aquarium_window_1, aquarium_window_1,
          aquarium_view_2c, aquarium_view_2a
D:7:      minmay_the_grid_four_pointed_star
          [minmay_the_grid_triangle_9x9_flanged_cone,
          minmay_the_grid_triangle_9x9_minimal,
          minmay_the_grid_triangle_9x9_skeleton,
          minmay_the_grid_triangle_9x9_sparse_checkered,
          minmay_the_grid_prize_four_corners], layout_gridville,
          minmay_temple_entry_junction, uniq_harold

Skill      XL: |  1  2  3  4  5  6  7  8  9 |
---------------+----------------------------+-----
Fighting       | 4 5 6 |  6.7
Maces & Flails | 1 2 3 4 5 7 9 |  9.1
Unarmed Combat | 4 |  4.0
Shields        | 1 3 5 7 8 |  8.7
Dodging        | 3 |  3.3
Armour         | 3 4 5 6 7 |  7.1
Throwing       | 1 2 |  2.7
Evocations     | 1 |  1.2
Stealth        | |  0.7

Action                   |  1- 3 |  4- 6 |  7- 9 || total
-------------------------+-------+-------+-------++-------
Melee: Club              |    69 |       |       ||    69
       Unarmed           |     7 |       |       ||     7
       Headbutt          |    17 |    20 |    57 ||    94
       Whip              |    31 |   123 |   314 ||   468
Throw: Dart              |       |       |    22 ||    22
       Stone             |       |       |     4 ||     4
Invok: Berserk           |     4 |     4 |     6 ||    14
       Trog's Hand       |     1 |     3 |     5 ||     9
Evoke: Wand              |       |       |    12 ||    12
  Use: Scroll            |     1 |       |     7 ||     8
       Potion            |       |       |     3 ||     3
Armor: Animal skin       |    17 |     6 |       ||    23
       Plate armour      |       |    57 |    99 ||   156
Dodge: Dodged            |    66 |    20 |    29 ||   115
Block: Tower shield      |       |    93 |   251 ||   344

Table legend: (Time is in decaauts)
 A = Elapsed time spent in this place.
 B = Non-inter-level travel time spent in this place.
 C = Inter-level travel time spent in this place.
 D = Time resting spent in this place.
 E = Time spent auto-exploring this place.
 F = Levels seen in this place.
 G = Mean time per level.
                   A        B        C        D        E       F      G
               +--------+--------+--------+--------+--------+-----+--------+
         Total |   8732 |   8510 |    222 |   2384 |   4343 |   7 | 1247.4 |
       Dungeon |   8732 |   8510 |    222 |   2384 |   4343 |   7 | 1247.4 |
               +--------+--------+--------+--------+--------+-----+--------+

Top non-repeatable levels by time:
     D:1: 1550 daAuts
     D:4: 1418 daAuts
     D:2: 1346 daAuts
     D:6: 1249 daAuts
     D:5: 1080 daAuts
     D:3: 1060 daAuts
     D:7: 1027 daAuts
